[ AOE2 MATCH · #479212215 ]
UnrankedSpanish vs Teutons
Player's team · WIN
Rival team · LOSS
[ REPLAY ANALYSIS · EXTRACTED FROM THE RECORDED GAME ]
Feudal
10:47
Castle
17:55
Imperial
32:34
| APM avg | 28.3 |
| APM peak | 54 |
| eAPM avg | 13.1 |
| Villagers / military | 82 / 91 |
Focus
⚔️ 28.2% · 🌾 71.8%
Knight ×29 · Conquistador ×29 · Scout Cavalry ×23 · Fishing Ship ×6 · Trebuchet (Packed) ×4 · Missionary ×3
Feudal
13:13
Castle
19:41
Imperial
—
| APM avg | 36.3 |
| APM peak | 83 |
| eAPM avg | 15.9 |
| Villagers / military | 116 / 168 |
Focus
⚔️ 37.8% · 🌾 62.2%
Militia ×91 · Skirmisher ×37 · Battering Ram ×20 · Spearman ×19 · Mangonel ×1
Match map
Initial resources + every placement click. Lines = walls · curves = elevation contours. ◆ gold · ⬟ stone · ● berries · ✦ relic · ◌ wall gap
Your base· Open — opponent sealed themselves in
jobeni1016's base· ✓ Closed at 19:41 · 43t walls · 1 gate(s)
Smoothed initial terrain · ◌ = detected wall gap · hover for details
Inputs per minute
— Death Slayer - - jobeni1016
Build order — Death Slayer
First 150 of 295 actions detected
| 0:02 | Create | Villager (Male) |
| 0:02 | Create | Villager (Male) |
| 0:03 | Create | Villager (Male) |
| 0:04 | Build | House |
| 0:55 | Create | Villager (Male) |
| 1:46 | Create | Villager (Male) |
| 1:52 | Build | House |
| 1:54 | Build | Lumber Camp |
| 1:58 | Create | Villager (Male) |
| 2:23 | Create | Villager (Male) |
| 2:47 | Create | Villager (Male) |
| 3:24 | Create | Villager (Male) |
| 3:41 | Create | Villager (Male) |
| 3:54 | Build | House |
| 3:57 | Build | Mill |
| 4:10 | Research | Loom |
| 4:26 | Create | Villager (Male) |
| 4:27 | Create | Villager (Male) |
| 5:22 | Create | Villager (Male) |
| 5:36 | Build | Dock |
| 5:54 | Build | House |
| 6:05 | Create | Villager (Male) |
| 6:06 | Create | Villager (Male) |
| 6:41 | Create | Villager (Male) |
| 6:50 | Create | Fishing Ship |
| 7:09 | Create | Villager (Male) |
| 7:40 | Create | Villager (Male) |
| 7:49 | Create | Fishing Ship |
| 8:09 | Create | Villager (Male) |
| 8:28 | Create | Fishing Ship |
| 8:37 | Research | Feudal Age |
| 8:42 | Build | House |
| 8:45 | Build | House |
| 9:12 | Create | Fishing Ship |
| 10:12 | Build | Mill |
| 10:28 | Create | Villager (Male) |
| 10:47 | Age | Feudal Age |
| 10:48 | Research | Double-Bit Axe |
| 11:05 | Build | Lumber Camp |
| 11:10 | Create | Villager (Male) |
| 11:11 | Create | Villager (Male) |
| 11:33 | Build | Mining Camp |
| 11:56 | Create | Villager (Male) |
| 12:16 | Build | Barracks |
| 12:20 | Create | Villager (Male) |
| 12:38 | Build | House |
| 12:44 | Create | Fishing Ship |
| 12:53 | Create | Villager (Male) |
| 13:00 | Build | House |
| 13:04 | Build | Palisade Wall |
| 13:18 | Create | Villager (Male) |
| 13:26 | Build | Blacksmith |
| 13:31 | Build | Palisade Wall |
| 13:39 | Create | Villager (Male) |
| 14:03 | Build | Market |
| 14:09 | Create | Villager (Male) |
| 14:18 | Build | House |
| 14:21 | Build | Palisade Wall |
| 14:26 | Build | House |
| 14:29 | Build | Palisade Wall |
| 14:31 | Build | Palisade Wall |
| 14:33 | Create | Villager (Male) |
| 14:47 | Create | Fishing Ship |
| 14:54 | Build | Mill |
| 15:08 | Build | Palisade Gate |
| 15:12 | Create | Villager (Male) |
| 15:15 | Research | Castle Age |
| 15:25 | Build | Mining Camp |
| 15:27 | Research | Stone Mining |
| 15:49 | Build | House |
| 15:51 | Build | Palisade Wall |
| 15:54 | Build | House |
| 16:11 | Create | Spearman |
| 16:47 | Create | Spearman |
| 17:23 | Create | Villager (Male) |
| 17:26 | Research | Horse Collar |
| 17:29 | Build | Farm |
| 17:41 | Build | Farm |
| 17:44 | Build | Farm |
| 17:55 | Age | Castle Age |
| 18:09 | Build | Castle |
| 18:14 | Build | Mining Camp |
| 18:16 | Create | Villager (Male) |
| 18:20 | Research | Wheelbarrow |
| 19:00 | Build | House |
| 19:02 | Build | House |
| 19:03 | Build | House |
| 19:04 | Build | House |
| 19:22 | Build | Lumber Camp |
| 19:34 | Create | Conquistador |
| 19:34 | Create | Conquistador |
| 19:34 | Create | Conquistador |
| 19:54 | Create | Villager (Male) |
| 20:03 | Create | Villager (Male) |
| 20:04 | Create | Villager (Male) |
| 20:28 | Build | Monastery |
| 20:44 | Create | Conquistador |
| 20:44 | Create | Conquistador |
| 20:52 | Research | Padded Archer Armor |
| 20:55 | Create | Villager (Male) |
| 21:07 | Build | Farm |
| 21:10 | Build | Farm |
| 21:19 | Create | Villager (Male) |
| 21:40 | Create | Conquistador |
| 21:41 | Create | Conquistador |
| 21:48 | Build | Mining Camp |
| 22:07 | Create | Villager (Male) |
| 22:08 | Create | Villager (Male) |
| 22:25 | Create | Villager (Male) |
| 22:34 | Build | Farm |
| 22:36 | Build | Farm |
| 22:36 | Build | Farm |
| 22:36 | Build | Farm |
| 23:04 | Create | Villager (Male) |
| 23:39 | Create | Villager (Male) |
| 23:40 | Create | Villager (Male) |
| 24:06 | Build | Castle |
| 24:14 | Build | Monastery |
| 24:20 | Create | Missionary |
| 24:28 | Create | Villager (Male) |
| 24:36 | Build | Mill |
| 24:37 | Build | Farm |
| 24:37 | Build | Farm |
| 24:37 | Build | Farm |
| 24:41 | Research | Town Watch |
| 24:56 | Create | Conquistador |
| 25:00 | Research | Inquisition |
| 25:08 | Create | Missionary |
| 25:43 | Create | Villager (Male) |
| 26:04 | Create | Conquistador |
| 26:05 | Create | Conquistador |
| 26:05 | Create | Conquistador |
| 26:54 | Create | Villager (Male) |
| 26:55 | Create | Villager (Male) |
| 26:56 | Create | Villager (Male) |
| 27:27 | Build | Castle |
| 27:35 | Create | Villager (Male) |
| 27:39 | Create | Villager (Male) |
| 27:48 | Build | Mining Camp |
| 28:09 | Research | Fervor |
| 28:11 | Create | Missionary |
| 28:41 | Create | Villager (Male) |
| 28:53 | Build | Mining Camp |
| 29:24 | Research | Imperial Age |
| 29:41 | Create | Conquistador |
| 29:42 | Create | Conquistador |
| 30:31 | Build | Stable |
| 30:32 | Build | Stable |
| 30:33 | Build | Stable |
| 30:55 | Build | Stable |
Build order — jobeni1016
First 150 of 300 actions detected
| 0:00 | Create | Villager (Male) |
| 0:01 | Create | Villager (Male) |
| 0:01 | Create | Villager (Male) |
| 0:02 | Build | House |
| 0:04 | Build | House |
| 0:05 | Create | Villager (Male) |
| 1:26 | Create | Villager (Male) |
| 1:26 | Create | Villager (Male) |
| 2:03 | Create | Villager (Male) |
| 2:24 | Create | Villager (Male) |
| 2:54 | Create | Villager (Male) |
| 3:01 | Build | Mill |
| 3:02 | Create | Villager (Male) |
| 3:42 | Create | Villager (Male) |
| 4:13 | Create | Villager (Male) |
| 4:13 | Create | Villager (Male) |
| 4:45 | Create | Villager (Male) ×3 |
| 4:48 | Build | House |
| 4:51 | Research | Loom |
| 4:56 | Build | House |
| 5:23 | Build | House |
| 5:24 | Build | House |
| 5:31 | Build | House |
| 5:38 | Create | Villager (Male) |
| 5:38 | Create | Villager (Male) |
| 5:42 | Build | House |
| 5:51 | Create | Villager (Male) |
| 5:52 | Create | Villager (Male) |
| 6:12 | Create | Villager (Male) |
| 6:12 | Create | Villager (Male) |
| 6:13 | Create | Villager (Male) |
| 6:13 | Create | Villager (Male) |
| 6:48 | Create | Villager (Male) |
| 6:48 | Create | Villager (Male) |
| 7:35 | Create | Villager (Male) |
| 7:35 | Create | Villager (Male) |
| 7:41 | Build | Lumber Camp |
| 7:43 | Create | Villager (Male) |
| 7:43 | Create | Villager (Male) |
| 8:54 | Build | Farm |
| 8:57 | Build | Farm |
| 9:25 | Build | Mining Camp |
| 9:36 | Create | Villager (Male) |
| 9:36 | Create | Villager (Male) |
| 9:36 | Create | Villager (Male) |
| 9:50 | Build | House |
| 10:02 | Build | Palisade Wall |
| 10:06 | Create | Villager (Male) |
| 10:06 | Create | Villager (Male) |
| 10:15 | Build | House |
| 10:18 | Build | House |
| 10:30 | Build | Palisade Wall |
| 10:31 | Build | Palisade Wall |
| 10:40 | Research | Feudal Age |
| 10:51 | Build | Farm |
| 10:51 | Build | Farm |
| 11:17 | Build | Farm |
| 11:39 | Build | Palisade Wall |
| 11:41 | Build | Palisade Wall |
| 11:46 | Build | Palisade Wall |
| 11:47 | Build | Palisade Wall |
| 12:12 | Build | Farm |
| 12:18 | Build | House |
| 12:22 | Build | Palisade Wall |
| 12:28 | Create | Villager (Male) |
| 12:28 | Create | Villager (Male) |
| 12:28 | Create | Villager (Male) |
| 12:49 | Build | Farm |
| 12:49 | Build | Farm |
| 12:50 | Build | Farm |
| 12:50 | Build | Farm |
| 12:50 | Build | Farm |
| 12:51 | Build | Farm |
| 12:57 | Build | House |
| 13:09 | Create | Villager (Male) |
| 13:10 | Create | Villager (Male) |
| 13:13 | Age | Feudal Age |
| 13:17 | Build | Palisade Gate |
| 13:37 | Research | Double-Bit Axe |
| 13:39 | Research | Horse Collar |
| 13:41 | Create | Villager (Male) |
| 13:41 | Create | Villager (Male) |
| 14:04 | Build | Lumber Camp |
| 14:20 | Build | Farm |
| 14:30 | Build | Farm |
| 14:51 | Build | Farm |
| 14:56 | Build | Farm |
| 15:19 | Build | Blacksmith |
| 15:38 | Create | Villager (Male) |
| 15:38 | Create | Villager (Male) |
| 15:46 | Build | Market |
| 16:04 | Build | Farm |
| 16:36 | Create | Villager (Male) |
| 16:38 | Research | Castle Age |
| 16:45 | Research | Forging |
| 16:54 | Build | Barracks |
| 17:04 | Build | Farm |
| 17:30 | Build | Farm |
| 17:33 | Build | Farm |
| 17:44 | Build | Barracks |
| 17:50 | Research | Man-at-Arms (upgrade) |
| 17:54 | Research | Man-at-Arms (upgrade) |
| 17:56 | Create | Militia ×5 |
| 18:01 | Research | Forging |
| 18:01 | Research | Scale Mail Armor |
| 18:39 | Research | Wheelbarrow |
| 18:41 | Create | Villager (Male) |
| 18:42 | Create | Villager (Male) |
| 19:00 | Create | Villager (Male) |
| 19:08 | Research | Wheelbarrow |
| 19:08 | Create | Villager (Male) |
| 19:09 | Create | Villager (Male) |
| 19:09 | Create | Villager (Male) |
| 19:21 | Research | Man-at-Arms (upgrade) |
| 19:23 | Research | Arson |
| 19:27 | Create | Militia |
| 19:27 | Create | Militia |
| 19:27 | Create | Militia |
| 19:27 | Create | Militia |
| 19:41 | Age | Castle Age |
| 19:42 | Build | Siege Workshop |
| 19:50 | Research | Heavy Plow |
| 19:58 | Research | Bow Saw |
| 20:08 | Create | Militia ×2 |
| 20:36 | Create | Battering Ram |
| 20:42 | Create | Militia ×2 |
| 21:11 | Create | Villager (Male) |
| 21:14 | Create | Militia ×2 |
| 21:36 | Create | Battering Ram |
| 21:38 | Create | Villager (Male) |
| 21:41 | Build | House |
| 21:43 | Build | House |
| 21:44 | Build | House |
| 21:53 | Build | House |
| 21:54 | Build | House |
| 22:02 | Create | Battering Ram |
| 22:10 | Create | Battering Ram |
| 22:13 | Create | Militia |
| 22:16 | Create | Militia |
| 22:38 | Build | House |
| 22:41 | Build | House |
| 22:49 | Create | Mangonel |
| 23:17 | Build | Mining Camp |
| 23:32 | Build | Watch Tower |
| 24:13 | Create | Battering Ram |
| 24:23 | Create | Villager (Male) |
| 24:24 | Create | Villager (Male) |
| 24:24 | Create | Villager (Male) |
| 24:40 | Research | Squires |
| 24:40 | Create | Militia |
Match timeline
| 5:36 | Death Slayer · first_building Dock |
| 10:02 | jobeni1016 · wall_segment Palisade Wall x6 |
| 10:30 | jobeni1016 · wall_segment Palisade Wall x9 |
| 10:31 | jobeni1016 · wall_segment Palisade Wall x3 |
| 10:47 | Death Slayer · age_up feudal |
| 11:39 | jobeni1016 · wall_segment Palisade Wall x8 |
| 11:41 | jobeni1016 · wall_segment Palisade Wall x1 |
| 11:46 | jobeni1016 · wall_segment Palisade Wall x4 |
| 11:47 | jobeni1016 · wall_segment Palisade Wall x3 |
| 12:16 | Death Slayer · first_building Barracks |
| 12:22 | jobeni1016 · wall_segment Palisade Wall x9 |
| 13:04 | Death Slayer · wall_segment Palisade Wall x1 |
| 13:13 | jobeni1016 · age_up feudal |
| 13:31 | Death Slayer · wall_segment Palisade Wall x5 |
| 14:21 | Death Slayer · wall_segment Palisade Wall x3 |
| 14:29 | Death Slayer · wall_segment Palisade Wall x1 |
| 14:31 | Death Slayer · wall_segment Palisade Wall x5 |
| 15:51 | Death Slayer · wall_segment Palisade Wall x2 |
| 16:54 | jobeni1016 · first_building Barracks |
| 17:55 | Death Slayer · age_up castle |
| 18:02 | Death Slayer · first_market_buy 100 stone |
| 18:09 | Death Slayer · first_building Castle |
| 19:32 | Death Slayer · first_market_sell 100 food |
| 19:41 | jobeni1016 · age_up castle |
| 19:42 | jobeni1016 · first_building Siege Workshop |
| 19:56 | jobeni1016 · first_market_buy 100 food |
| 20:28 | Death Slayer · first_building Monastery |
| 20:34 | jobeni1016 · first_market_sell 100 food |
| 27:29 | jobeni1016 · first_building Archery Range |
| 30:31 | Death Slayer · first_building Stable |
| 32:34 | Death Slayer · age_up imperial |
| 41:02 | Death Slayer · wall_segment Stone Wall x4 |
| 41:06 | Death Slayer · wall_segment Palisade Wall x3 |
| 41:11 | Death Slayer · wall_segment Stone Wall x5 |
| 49:10 | jobeni1016 · resign |
[ AI ANALYSIS · 1 CREDIT ]
What really happened in this match?
Wolo.gg analyzes every decision: build order, eco, micro, common mistakes by bracket. Personalized analysis on WhatsApp or Discord in 30 seconds.
Civ guide
Spanish
Perfil
Jugador #5243907